 Dungeon Crawl Stone Soup version 0.31-a0-188-g5e087ee2ca (webtiles) character file.

Game seed: 1778012250374025181

1431 qw the Skirmisher (level 8, -9/46 HPs)
             Began as a Deep Elf Hunter on June 23, 2023.
             Was an Initiate of Okawaru.
             Mangled by a gnoll
             ... wielding a +0 halberd
             ... led by a gnoll sergeant
              (10 damage)
             ... on level 7 of the Dungeon.
             The game lasted 00:02:05 (5543 turns).

qw the Skirmisher (Deep Elf Hunter)                 Turns: 5543, Time: 00:02:05

Health: -9/46      AC:  7    Str: 10    XL:     8   Next: 45%
Magic:  10/10      EV: 12    Int: 15    God:    Okawaru [......]
Gold:   277        SH:  0    Dex: 18    Spells: 7/7 levels left

rFire   . . .        Y - +1 shortbow (elec)
rCold   . . .        (shield currently unavailable)
rNeg    . . .        j - +0 ring mail
rPois   .            n - +1 helmet
rElec   .            (no cloak)
rCorr   .            (no gloves)
SInv    +            (no boots)
Will    .....        g - amulet of the acrobat
Stlth   +            f - ring of see invisible
HPRegen 0.27/turn    l - +4 ring of slaying {mikee}
MPRegen 0.12/turn

%: acrobat
@: no status effects
A: no striking features
a: Renounce Religion


You were on level 7 of the Dungeon.
You worshipped Okawaru.
Okawaru was noncommittal.
You visited 1 branch of the dungeon, and saw 7 of its levels.

You collected 277 gold pieces.


   Skills:
 - Level 3.0 Fighting
 + Level 13.2 Ranged Weapons
 - Level 1.2 Armour
 - Level 4.0 Dodging
 - Level 1.2 Stealth


You had 7 spell levels left.
You didn't know any spells.
Your spell library was empty.

Inventory:

Hand Weapons
 Y - a +1 shortbow of electrocution (weapon)
Armour
 j - a +0 ring mail (worn)
 n - a +1 helmet (worn)
Jewellery
 b - a ring of positive energy
 d - the ring "Efaryder" {*Corrode +Blink rElec Will- Str+3 Int+6}
   (You found it on level 4 of the Dungeon)

   [ring of intelligence]

   Str:       It affects your strength (+3).
   Int:       It affects your intelligence (+6).
   rElec:     It insulates you from electricity.
   +Blink:    It lets you blink.
   *Corrode:  It may corrode you when you take damage.
   Will:      It decreases your willpower.
 f - a ring of see invisible (left hand)
 g - an amulet of the acrobat (around neck)
 l - a +4 ring of slaying (right hand) {mikee}
Scrolls
 a - a scroll of identify
Potions
 c - a potion of haste
 e - a potion of might
 h - a potion of magic {unknown}
 i - a potion of cancellation
 k - a potion of lignification {unknown}
 m - a potion of invisibility {unknown}
 o - 3 potions of curing
 p - a potion of resistance {unknown}

Dungeon Overview and Level Annotations

Branches:
Dungeon (7/15)             Temple (0/1) D:5

Altars:
Kikubaaqudgha
Nemelex Xobeh
Okawaru
Qazlal
Trog
Vehumet
Zin
The Shining One

Shops:
D:5 :


Message History

You hear a shout!
The gnoll completely misses you.
A gnoll comes into view. It is wielding a +0 halberd.
You shoot an arrow. The arrow barely misses the gnoll.
The arrow hits the ogre.
The ogre is lightly wounded.
The gnoll closely misses you. The gnoll hits you but does no damage.
You shoot an arrow. The arrow barely misses the gnoll.
The arrow closely misses the gnoll.
The gnoll closely misses you. The ogre closely misses you.
The gnoll hits you but does no damage. The gnoll barely misses you.
You shoot an arrow. The arrow hits the gnoll!
You kill the gnoll!
Okawaru accepts your kill. The gnoll hits you but does no damage.
The gnoll barely misses you.
You shoot an arrow. The arrow hits the ogre!
The ogre is heavily wounded.
The ogre hits you with a +0 giant club!!
Ouch! That really hurt!
5538 ||| DRINKING potion of heal wounds.
You feel much better. The gnoll misses you.
The gnoll hits you from afar with a +0 halberd!
You shoot an arrow. The arrow hits the ogre.
The ogre is severely wounded.
The gnoll closely misses you. The gnoll completely misses you.
The ogre barely misses you.
You shoot an arrow. The arrow barely misses the ogre.
The gnoll misses you. The gnoll closely misses you. The ogre misses you.
You shoot an arrow. The arrow barely misses the ogre.
The gnoll closely misses you.
The gnoll hits you from afar with a +0 halberd.
You shoot an arrow. The arrow hits the ogre!
You kill the ogre!
Okawaru accepts your kill.
The gnoll hits you from afar with a +0 halberd! x2
Your Ranged Weapons skill increases to level 13!
You shoot an arrow. The arrow hits the gnoll!
The gnoll is severely wounded.
The gnoll hits you from afar with a +0 halberd!
You die...

#.##.#..
#.##...#
#.##.#.#
#.##.#.#
#.##.#.###.#
#..........#
####.#######
#.# ######@#
#....))#
#.###gg#
#.)..
.....gO
##.#####g#
#.# ) #.#
#..


You could see 2 gnolls.

Vanquished Creatures
  Sigmund (D:3)
  A black bear (D:5)
  2 ogres
  A phantom (D:5)
  A scorpion (D:5)
  A gnoll sergeant (D:7)
  2 jellies
  3 orc priests
  4 hounds
  4 iguanas
  2 sleepcaps
  6 orc wizards
  3 gnolls (D:7)
  7 adders
  A shadow imp (D:6)
  2 white imps (D:6)
  An ufetubus (D:5)
  2 worms (D:3)
  3 dart slugs
  25 orcs
  3 endoplasms
  5 giant cockroaches
  9 goblins
  8 hobgoblins
  2 jackals (D:1)
  4 quokkas
  4 ball pythons
  8 bats
  2 frilled lizards
  5 kobolds
  5 rats
127 creatures vanquished.

Vanquished Creatures (others)
  A human (D:3)
1 creature vanquished.

Grand Total: 128 creatures vanquished

Notes
Turn   | Place    | Note
-------+----------+-------------------------------------------
     0 | D:1      | qw the Deep Elf Hunter began the quest for the Orb.
     0 | D:1      | Reached XP level 1. HP: 12/12 MP: 3/3
     0 | D:1      | 0 ||| qw: Version: 0.3-a-9-g12657ce
     0 | D:1      | 0 ||| qw: Game counter: 3145
     0 | D:1      | 0 ||| qw: Always use a shield: true
     0 | D:1      | 0 ||| qw: God list: Okawaru
     0 | D:1      | 0 ||| qw: Allow faded altars: false
     0 | D:1      | 0 ||| qw: Do Orc after D:15 true
     0 | D:1      | 0 ||| qw: Do second Lair branch before Depths: true
     0 | D:1      | 0 ||| qw: Lair rune preference: random
     0 | D:1      | 0 ||| qw: Plans: Normal
     0 | D:1      | 0 ||| PLANNING D:1-11
   180 | D:1      | Reached XP level 2. HP: 16/16 MP: 4/4
   182 | D:1      | Reached skill level 6 in Ranged Weapons
   367 | D:1      | 367 ||| FLEEEEING.
   368 | D:1      | 368 ||| FLEEEEING.
   431 | D:1      | 431 ||| FLEEEEING.
   474 | D:1      | 474 ||| UPGRADING to amulet of the acrobat.
   493 | D:1      | Reached XP level 3. HP: 20/20 MP: 5/5
   796 | D:1      | 796 ||| READING scroll labelled ZIAGOSEUKK.
   799 | D:1      | 799 ||| READING scroll labelled XIROK XE KEDEXE.
   900 | D:1      | 900 ||| READING scroll labelled LORORI MUOG.
   901 | D:1      | 901 ||| DRINKING 2 viscous silvery potions.
   902 | D:1      | 902 ||| DRINKING 2 viscous clear potions.
   903 | D:1      | 903 ||| DROPPING scroll of butterflies.
   904 | D:1      | 904 ||| DROPPING potion of brilliance.
   928 | D:2      | Found a glowing golden altar of the Shining One.
  1511 | D:2      | Reached skill level 7 in Ranged Weapons
  1599 | D:2      | 1599 ||| UPGRADING to ring of see invisible.
  1600 | D:2      | 1600 ||| UPGRADING to +4 ring of slaying {mikee}.
  1601 | D:2      | 1601 ||| READING 2 scrolls labelled IGREDYPEOF.
  1602 | D:2      | 1602 ||| DRINKING 2 orange potions.
  1603 | D:2      | 1603 ||| READING 2 scrolls of identify.
  1603 | D:2      | 1603 ||| IDENTIFYING red potion
  1604 | D:2      | 1604 ||| DROPPING potion of degeneration.
  1605 | D:2      | 1605 ||| DROPPING potion of attraction.
  1714 | D:3      | Found an ancient bone altar of Kikubaaqudgha.
  1719 | D:3      | 1719 ||| FLEEEEING.
  1720 | D:3      | 1720 ||| FLEEEEING.
  1721 | D:3      | 1721 ||| FLEEEEING.
  1722 | D:3      | 1722 ||| FLEEEEING.
  1723 | D:3      | 1723 ||| FLEEEEING.
  1724 | D:3      | 1724 ||| FLEEEEING.
  1725 | D:3      | 1725 ||| FLEEEEING.
  1726 | D:3      | 1726 ||| FLEEEEING.
  1727 | D:3      | 1727 ||| FLEEEEING.
  1729 | D:3      | 1729 ||| FLEEEEING.
  1734 | D:3      | 1734 ||| STAIRDANCE
  1747 | D:2      | 1747 ||| READING 3 scrolls of identify.
  1747 | D:2      | 1747 ||| IDENTIFYING coppery potion
  1748 | D:2      | 1748 ||| READING 2 scrolls of identify.
  1748 | D:2      | 1748 ||| IDENTIFYING silvery potion
  1802 | D:3      | Reached XP level 4. HP: 25/25 MP: 6/6
  1819 | D:3      | Found a radiant altar of Vehumet.
  1952 | D:3      | Noticed Sigmund
  1957 | D:3      | 1957 ||| DRINKING 2 potions of curing.
  1957 | D:3      | 1957 ||| (to cure poison)
  1959 | D:3      | 1959 ||| FLEEEEING.
  1960 | D:3      | 1960 ||| FLEEEEING.
  1963 | D:3      | 1963 ||| DRINKING potion of curing.
  1963 | D:3      | 1963 ||| (to cure poison)
  1970 | D:3      | 1970 ||| FLEEEEING.
  1971 | D:3      | 1971 ||| FLEEEEING.
  1973 | D:3      | Killed Sigmund
  1974 | D:3      | Reached skill level 9 in Ranged Weapons
  1974 | D:3      | Reached XP level 5. HP: 15/29 MP: 7/7
  2179 | D:3      | Noticed a human
  2182 | D:3      | Killed a human
  2301 | D:3      | Reached skill level 3 in Dodging
  2301 | D:3      | Reached XP level 6. HP: 34/34 MP: 8/8
  2916 | D:4      | Identified the ring "Efaryder" {*Corrode +Blink rElec Will-
                  | Str+3 Int+6}
  2923 | D:4      | 2923 ||| FLEEEEING.
  2924 | D:4      | 2924 ||| FLEEEEING.
  2996 | D:4      | HP: 6/35 [iguana (10)]
  3047 | D:4      | 3047 ||| FLEEEEING.
  3048 | D:4      | 3048 ||| FLEEEEING.
  3049 | D:4      | 3049 ||| FLEEEEING.
  3051 | D:4      | 3051 ||| FLEEEEING.
  3052 | D:4      | 3052 ||| FLEEEEING.
  3053 | D:4      | 3053 ||| FLEEEEING.
  3055 | D:4      | 3055 ||| FLEEEEING.
  3056 | D:4      | 3056 ||| FLEEEEING.
  3057 | D:4      | 3057 ||| FLEEEEING.
  3164 | D:4      | Reached skill level 10 in Ranged Weapons
  3417 | D:4      | Found a sparkling altar of Nemelex Xobeh.
  3469 | D:4      | Found a glowing silver altar of Zin.
  3495 | D:4      | Found a stormy altar of Qazlal.
  3895 | D:4      | 3895 ||| UPGRADING to +0 ring mail.
  3905 | D:4      | 3905 ||| DROPPING +0 leather armour.
  3906 | D:4      | 3906 ||| UPGRADING to +0 helmet.
  3911 | D:4      | 3911 ||| READING scroll of enchant armour.
  3911 | D:4      | 3911 ||| ENCHANTING +0 helmet.
  3912 | D:4      | 3912 ||| READING scroll labelled PIPLERR UCAU.
  3913 | D:4      | 3913 ||| READING scroll labelled SAGGAU KOTA.
  3914 | D:4      | 3914 ||| READING scroll labelled KAGEIRCHI ESHRI.
  3916 | D:4      | 3916 ||| Stepping ~*~*~tactically~*~*~ (cloud).
  4087 | D:5      | Entered Level 5 of the Dungeon
  4099 | D:5      | Reached skill level 1 in Armour
  4102 | D:5      | Reached XP level 7. HP: 33/40 MP: 9/9
  4159 | D:5      | Reached skill level 11 in Ranged Weapons
  4316 | D:5      | Found an iron altar of Okawaru.
  4317 | D:5      | 4317 ||| PLANNING OKAWARU WORSHIP
  4317 | D:5      | 4317 ||| READING scroll labelled BARUOT GUUSATO.
  4318 | D:5      | 4318 ||| READING scroll labelled VAN YGHALIWN.
  4326 | D:5      | Became a worshipper of Warmaster Okawaru
  4327 | D:5      | 4327 ||| PLANNING D:1-11
  4437 | D:5      | Found a staircase to the Ecumenical Temple.
  4530 | D:5      | Found Velag's Vocational Training.
  4542 | D:5      | Found a bloodstained altar of Trog.
  4685 | D:5      | Found a glowing golden altar of the Shining One.
  4736 | D:5      | 4736 ||| READING scroll labelled HEUMOD XEICSIST.
  4737 | D:5      | 4737 ||| READING scroll labelled WYR JOAGIRUCLU.
  4738 | D:5      | 4738 ||| READING 2 scrolls of identify.
  4738 | D:5      | 4738 ||| IDENTIFYING cyan potion
  4795 | D:6      | Reached skill level 12 in Ranged Weapons
  4877 | D:6      | Reached XP level 8. HP: 45/45 MP: 10/10
  4913 | D:6      | Reached skill level 3 in Fighting
  4949 | D:6      | 4949 ||| FLEEEEING.
  4950 | D:6      | 4950 ||| FLEEEEING.
  4951 | D:6      | 4951 ||| FLEEEEING.
  4952 | D:6      | 4952 ||| FLEEEEING.
  4957 | D:6      | 4957 ||| FLEEEEING.
  4958 | D:6      | 4958 ||| FLEEEEING.
  4959 | D:6      | 4959 ||| FLEEEEING.
  4960 | D:6      | 4960 ||| FLEEEEING.
  5490 | D:6      | 5490 ||| DRINKING 2 glowing golden potions.
  5527 | D:7      | 5527 ||| Stepping ~*~*~tactically~*~*~ (outnumbered).
  5537 | D:7      | HP: 6/46 [ogre/+0 giant club (29)]
  5538 | D:7      | 5538 ||| DRINKING potion of heal wounds.
  5542 | D:7      | HP: 8/46 [gnoll/+0 halberd[a gnoll sergeant] (7)]
  5542 | D:7      | HP: 1/46 [gnoll/+0 halberd[a gnoll sergeant] (7)]
  5543 | D:7      | Reached skill level 13 in Ranged Weapons
  5543 | D:7      | Mangled by a gnoll

Levels and vault maps discovered:
D:1:      heliophobic_arrival_glass_houses, layout_loops_ring
D:2:      minmay_door_path, layout_loops_ring, basic_altar
D:3:      layout_loops_ring, mainiacjoe_overflow_brackets, tgw_kikubaaqudgha,
          kennysheep_boxes, uniq_sigmund
D:4:      nicolae_cairo_tiling, layout_basic, kennysheep_little_box,
          mainiacjoe_overflow_boulevard, nemelex_spade_bored_becter,
          minmay_box_of_dots
D:5:      layout_cave_pools, tso_oasis_becter,
          mainiacjoe_overflow_surrounded_room, trog_butcher_becter,
          minmay_temple_entry_junction, grunt_ministairs_6,
          kennysheep_cross_bottleneck, nicolae_shop_vocational
D:6:      layout_loops_cross
D:7:      layout_basic, elyvilon_altar_4, led_sif_pool, nicolae_the_louvre

Skill      XL: |  1  2  3  4  5  6  7  8 |
---------------+-------------------------+-----
Ranged Weapons | 6 7 9 10 12 13 | 13.2
Dodging        | 3 4 |  4.0
Fighting       | 2 3 |  3.0
Armour         | 1 |  1.2
Stealth        | |  1.2

Action                     |  1- 3 |  4- 6 |  7- 9 || total
---------------------------+-------+-------+-------++-------
   Fire: Shortbow          |   106 |   114 |   115 ||   335
    Use: Scroll            |     7 |     4 |     5 ||    16
         Potion            |     3 |     2 |     2 ||     7
 Armour: Leather armour    |    11 |     5 |       ||    16
         Ring mail         |       |     3 |    11 ||    14
  Dodge: Dodged            |    22 |    18 |    29 ||    69

Table legend:
 A = Non-vault XP
 B = Vault XP
 C = Vault XP percentage of total XP
 D = Non-vault monster count
 E = Vault monster count
 F = Vault count percentage of total count
                 A         B        C        D         E       F
            +---------+---------+-------+---------+---------+-------
      Total |    1556 |     489 |  23.9 |     113 |      14 |  11.0
            +---------+---------+-------+---------+---------+-------
        D:1 |      47 |       0 |   0.0 |      27 |       0 |   0.0
        D:2 |      27 |       0 |   0.0 |       9 |       0 |   0.0
        D:3 |      79 |     243 |  75.5 |      12 |       1 |   7.7
        D:4 |     249 |       9 |   3.5 |      24 |       4 |  14.3
        D:5 |     357 |     237 |  39.9 |      16 |       9 |  36.0
        D:6 |     559 |       0 |   0.0 |      20 |       0 |   0.0
        D:7 |     238 |       0 |   0.0 |       5 |       0 |   0.0
            +---------+---------+-------+---------+---------+-------
